 Dungeon Crawl Stone Soup version 0.18.1-48-g4cf74bf (webtiles) character file.

79 GameOver the Sneak (level 4, -1/36 HPs)
             Began as a Naga Conjurer on Sept 9, 2016.
             Slain by a gnoll
             ... wielding a +0 spear
              (3 damage)
             ... on level 2 of the Dungeon.
             The game lasted 00:06:38 (981 turns).

GameOver the Sneak (Naga Conjurer)                   Turns: 981, Time: 00:06:40

Health: -1/36      AC:  2    Str: 10    XL:     4   Next: 37%
Magic:  0/7        EV:  9    Int: 17    God:
Gold:   41         SH:  0    Dex: 11    Spells: 2 memorised, 4 levels left

rFire  + . .     SeeInvis +     w - +2 dagger (drain)
rCold  + . .     Gourm    .     i - +0 leather armour
rNeg   . . .     Faith    .     (no shield)
rPois  +         Spirit   .     (no helmet)
rElec  +         Dismiss  .     (no cloak)
rCorr  +         Reflect  .     (no gloves)
SustAt .         Harm     .     (no barding)
MR     .....                    (no amulet)
Stlth  +++.......               (no ring)
                                (no ring)

@: resistant, very slightly contaminated, very slow, not resistant to hostile
enchantments, fairly stealthy
A: see invisible, deformed body, poison resistance, slowness 2, slow metabolism
1, spit poison 2, AC +1
a: Spit Poison


You were on level 2 of the Dungeon.
You were not hungry.

You visited 1 branch of the dungeon, and saw 2 of its levels.

You collected 41 gold pieces.

Inventory:

Hand Weapons
 w - a +2 dagger of draining (weapon)
Missiles
 g - 2 throwing nets (quivered)
Armour
 i - a +0 leather armour (worn)
Scrolls
 a - a scroll of enchant weapon {unknown}
 e - 3 scrolls of identify {unknown}
 l - a scroll of fear {unknown}
 m - a scroll of recharging {unknown}
Potions
 j - a potion of agility {unknown}
Books
 b - a book of Conjurations

   Spells                             Type                      Level
   a - Magic Dart                     Conjuration                  1
   b - Searing Ray                    Conjuration                  2
   c - Dazzling Spray                 Conjuration/Hexes            3
   d - Fulminant Prism                Conjuration/Hexes            4
   e - Iskenderun's Mystic Blast      Conjuration                  4
   f - Iskenderun's Battlesphere      Conjuration/Charms           5
Comestibles
 c - 5 bread rations
 d - 2 chunks of flesh
 h - 3 meat rations
 k - 6 fruits


   Skills:
 - Level 1.5 Dodging
 + Level 5.2 Stealth
 - Level 2.0 Spellcasting
 * Level 5.0 Conjurations


You had 4 spell levels left.
You knew the following spells:

 Your Spells              Type           Power        Failure   Level  Hunger
a - Magic Dart            Conj           ###.         3%          1    #......
s - Searing Ray           Conj           ###...       6%          2    ###....


Dungeon Overview and Level Annotations

Branches:
Dungeon (2/15)

Altars:
Dithmenos
Nemelex Xobeh
Qazlal
Ru
Xom

Annotations:
D:1 1 runed door


Innate Abilities, Weirdness & Mutations

You cannot wear boots.
Your serpentine skin is tough (AC +1).
You have supernaturally acute eyesight.
Armour fits poorly on your strangely shaped body.
Your system is resistant to poisons.
You cover ground very slowly.
You have a slow metabolism.
You can spit poison.


Message History

The searing ray hits the gnoll.
The gnoll is severely wounded.
The gnoll hits you from afar with a spear.
The gnoll hits you but does no damage.
The searing ray hits the gnoll.
You kill the gnoll!
Your Conjurations skill increases to level 5!
The gnoll hits you from afar with a spear!
* * * LOW HITPOINT WARNING * * *
The searing ray hits the gnoll.
The gnoll is almost dead.
The gnoll hits you from afar with a spear.
* * * LOW HITPOINT WARNING * * *
Drink which item? (? for menu, Esc to quit)
It was a potion of resistance.
You feel protected.
The gnoll hits you from afar with a spear.
* * * LOW HITPOINT WARNING * * *
The gnoll hits you from afar with a spear.
You die...

#........## .....#...
#......#.# ##.#...####
#.....##.###.........#
#.....# ..##.........#
#.....###.#...........
#......##.#..........#
#...gg..#.............
#....†.....#..........
#....@..............).
#.....................
#####......#..........
#.................
#....#..#####..###
#...#_#.# ##....
#....#... .....
#.....)... ..####
#>......#


You could see 2 gnolls.

Vanquished Creatures
  2 gnolls (D:2)
  An adder (D:2)
  A worm (D:2)
  2 dart slugs
  2 giant geckos (D:2)
  A ball python (D:2)
  4 bats (D:2)
  3 giant cockroaches
  3 goblins
  5 hobgoblins
  8 jackals
  A kobold (D:2)
  2 giant newts
  2 rats (D:2)
37 creatures vanquished.

Notes
Turn   | Place    | Note
--------------------------------------------------------------
     0 | D:1      | GameOver the Naga Conjurer began the quest for the Orb.
     0 | D:1      | Reached XP level 1. HP: 15/15 MP: 3/3
     1 | D:1      | Found a runed door.
    72 | D:1      | Reached XP level 2. HP: 11/22 MP: 1/5
    76 | D:1      | Learned a level 2 spell: Searing Ray
   437 | D:1      | You fall through a shaft!
   492 | D:2      | Found a shadowy altar of Dithmenos.
   502 | D:2      | Reached XP level 3. HP: 28/28 MP: 4/6
   513 | D:2      | Found a sparkling altar of Nemelex Xobeh.
   513 | D:2      | Found a shimmering altar of Xom.
   516 | D:2      | Found a sacrificial altar of Ru.
   520 | D:2      | Found a stormy altar of Qazlal.
   882 | D:2      | Found a faded altar to an unknown god.
   891 | D:2      | Reached skill level 5 in Stealth
   891 | D:2      | Reached XP level 4. HP: 36/36 MP: 7/7
   979 | D:2      | Reached skill level 5 in Conjurations
   981 | D:2      | Slain by a gnoll

Skill      XL: |  1  2  3  4 |
---------------+-------------+-----
Stealth        | 4 5 |  5.2
Conjurations   | 5 |  5.0
Dodging        | |  1.5
Spellcasting   | |  2.0

Action                   |  1- 3 |  4- 6 || total
-------------------------+-------+-------++-------
Melee: Dagger            |     5 |       ||     5
 Cast: Magic Dart        |    37 |     4 ||    41
       Searing Ray       |       |     2 ||     2
 Abil: Spit Poison       |    26 |     3 ||    29
  Use: Potion            |       |     1 ||     1
  Eat: Chunk             |     2 |       ||     2
Armor: Robe              |     2 |       ||     2
       Leather armour    |     5 |     1 ||     6
Dodge: Dodged            |    11 |     5 ||    16
